 Dungeon Crawl Stone Soup version 0.27-a0-1189-gb8eb6cee8e (webtiles) character file.

Game seed: 8365751113178940511

5635 wakim the Thaumaturge (level 11, -7/81 HPs)
             Began as a Djinni Venom Mage on May 23, 2021.
             Was a Priest of Yredelemnul.
             Mangled by an orc warlord
             ... wielding a +0 battleaxe
              (25 damage)
             ... in a bailey.
             The game lasted 00:29:06 (12627 turns).

wakim the Thaumaturge (Djinni Venom Mage)          Turns: 12627, Time: 00:29:06

Health: -7/81      AC: 11    Str:  7    XL:     11   Next: 3%
Gold:   348        EV: 17    Int: 20    God:    Yredelemnul [***...] SH:  5 Dex: 14

rFire    + + .     SeeInvis .   b - +0 falchion (flame)
rCold    x . .     Faith    .   p - +0 buckler {AC+3}
rNeg     . . .     Spirit   .   g - +3 leather armour
rPois    ∞         Reflect  .   e - +0 helmet
rElec    .         Harm     .   d - +0 cloak
rCorr    .         Rampage  .   (no gloves)
Will     ++...                  (boots unavailable)
Stlth    ++........             n - amulet of the acrobat
HPRegen  0.23/turn              f - +4 ring of evasion
MPRegen  0.00/turn              c - ring of willpower

@: about to teleport, flying
A: sickness immunity, fire resistance 2, cold vulnerability 1, float, innate
caster, hp casting, extra vitality 1
a: Renounce Religion, Recall Undead Slaves, Injury Mirror, Animate Dead


You were in a bailey.
You worshipped Yredelemnul.
Yredelemnul was most pleased with you.
You visited 2 branches of the dungeon, and saw 10 of its levels.
You also visited: Bailey.

You collected 348 gold pieces.

Inventory:

Hand Weapons
 a - a +3 dagger of venom
 b - a +0 falchion of flaming (weapon)
Armour
 d - a +0 cloak (worn)
 e - a +0 helmet (worn)
 g - a +3 leather armour (worn)
 o - a +0 troll leather armour
 p - a +0 buckler of protection (worn)
Jewellery
 c - a ring of willpower (right hand)
 f - a +4 ring of evasion (left hand)
 k - a ring of positive energy
 n - an amulet of the acrobat (around neck)
 q - a +4 ring of evasion
Wands
 w - a wand of acid (9)
 x - a wand of iceblast (7)
 y - a wand of paralysis (13)
Scrolls
 r - a scroll of identify
 T - 2 scrolls of teleportation
Potions
 h - a potion of magic {unknown}
 i - a potion of brilliance {unknown}
 l - a potion of degeneration {unknown}
 B - 2 potions of attraction {!q}
 F - a potion of curing
 I - a potion of invisibility
 J - 2 potions of heal wounds
 L - 3 potions of lignification {!q}
 M - 2 potions of mutation {!q}
 N - a potion of might
 O - 2 potions of resistance


   Skills:
 + Level 8.2 Fighting
 * Level 5.9 Dodging
 - Level 1.5 Stealth
 - Level 4.0 Shields
 * Level 9.3 Spellcasting


You had one spell level left.
You knew the following spells:

 Your Spells              Type           Power      Damage    Failure   Level
a - Sting                 Tmut/Pois      100%       1d8       1%          1
b - Ignite Poison         Fire/Tmut/Pois 46%        N/A       1%          3
c - Foxfire               Conj/Fire      100%       2x1d9     1%          1
d - Spider Form           Tmut/Pois      23%        N/A       1%          3
e - Hailstorm             Conj/Ice       46%        3d11      2%          4
f - Mephitic Cloud        Conj/Pois/Air  46%        N/A       1%          3
q - Passwall              Tmut/Erth      38%        N/A       1%          2
u - Animate Dead          Necr           23%        N/A       2%          4
x - Poisonous Vapours     Pois/Air       92%        N/A       1%          2
y - Olgreb's Toxic Radia  Pois           46%        N/A       2%          4
Your spell library was empty.

Dungeon Overview and Level Annotations

Branches:
Dungeon (9/15)             Temple (1/1) D:5          Bailey (1/1)
   Lair: D:8-11         Orc: D:9-12

Altars:
Ashenzari
Cheibriados
Dithmenos
Elyvilon
Fedhas
Gozag
Hepliaklqana
Kikubaaqudgha
Makhleb
Nemelex Xobeh
Okawaru
Qazlal
Ru
Sif Muna
Trog
Uskayaw
Vehumet
Wu Jian
Yredelemnul
Zin

Shops:
D:4 *

Annotations:
D:3 3 runed translucent doors, st0uf's ghost, amateur GrEE


Innate Abilities, Weirdness & Mutations

You are immune to sickness and miasma.
You are immune to poison.
Your flesh is very heat resistant. (rF++)
You are vulnerable to cold. (rC-)
You float through the air rather than walking.
You learn spells naturally, not from books.
Your magical power is your life essence.
You have superior vitality. (+4 HP)


Message History

You ignite the poison in your surroundings!
The orc warlord seems to burn from within!!
The orc warlord is heavily wounded.
The orc warlord hits you with a +0 battleaxe!!
* * * LOW HITPOINT WARNING * * *
Things that are here:
a +0 war axe; a +0 leather armour; a goblin skeleton Your magical contamination has completely faded away.
Things that are here:
a +0 hand axe; a +0 leather armour; an orc skeleton
There is an open door here.
Things that are here:
a +0 war axe; a +0 ring mail
Things that are here:
a +0 hand axe; a +0 leather armour
There is a fountain of clear blue water here.
Okay, then.
Things that are here:
a +0 hand axe; a +0 leather armour; a hobgoblin skeleton
There is an open door here.
Things that are here:
a +0 hand axe; a +0 leather armour
There is a fountain of clear blue water here.
The orc warlord hits you with a +0 battleaxe!
* * * LOW HITPOINT WARNING * * *
The orc warlord misses you.
Unknown command.
There is an open door here.
Things that are here:
a +0 hand axe; a +0 leather armour; a hobgoblin skeleton
There is a fountain of clear blue water here.
Things that are here:
a +0 war axe; a +0 ring mail
Okay, then.
Okay, then.
As you read the scroll of teleportation, it crumbles to dust.
You feel strangely unstable.
The orc warlord hits you with a +0 battleaxe!!
You die...
Your body rises from the dead as a mindless zombie.

.#......)....# #8o...).
.##.........### ###..))..
♣♣###.....###.###
###.###)).. ♣
###.#'#.....###
###.....#'#.#
###.))...)..###.........###
#....)......#..).....)..#
#...........#...........#
#.)...⌠..)..#).)).⌠.....#
#..).).)o@..'..).)......#
#...........#...........#
##..)......###.........##
###.....### ###)....###
###.### ###.### ### ###


You could see an orc warlord.

Vanquished Creatures
  A cyclops (D:7)
  2 trolls (D:9)
  A dream sheep (D:9)
  A steam dragon (D:7)
  A water moccasin (D:9)
  2 acid dragons (D:8)
  An ice beast (D:8)
  A sky beast (D:6)
  3 black bears
  4 necrophages
  11 orc warriors
  2 centaurs
  3 phantoms
  3 kobold brigands (D:9)
  A bullfrog (D:8)
  A gnoll sergeant (D:5)
  A water moccasin zombie (D:5)
  A wyvern zombie (D:5)
  A scorpion (D:6)
  A wight (D:8)
  An electric eel (D:7)
  A howler monkey (D:6)
  3 centaur zombies (D:7)
  A jelly (D:6)
  4 hounds
  3 centaur skeletons
  3 orc priests
  A gnoll shaman (D:6)
  Terence (D:2)
  Natasha (thrice) (D:2)
  3 iguanas
  2 orc wizards
  A scorpion zombie (D:5)
  A killer bee zombie (D:8)
  A howler monkey zombie (D:9)
  Robin (D:2)
  13 gnolls
  2 howler monkey skeletons
  6 adders
  2 white imps (D:8)
  An ufetubus (D:4)
  A worm (D:2)
  2 dart slugs
  38 orcs
  10 ball pythons
  4 endoplasms
  3 giant cockroaches
  23 goblins
  18 hobgoblins
  3 jackals (D:1)
  11 kobolds
  4 quokkas
  6 bats
  4 frilled lizards
  23 rats
246 creatures vanquished.

Vanquished Creatures (others)
  245 foxfires
  A plant (D:9)
246 creatures vanquished.

Grand Total: 492 creatures vanquished

Notes
Turn   | Place    | Note
-------+----------+-------------------------------------------
     0 | D:1      | wakim the Djinni Venom Mage began the quest for the Orb.
     0 | D:1      | Reached XP level 1. HP: 15/15 MP: 0/0
    51 | D:1      | Reached XP level 2. HP: 8/22 MP: 0/0
   325 | D:1      | Reached skill level 1 in Fighting
   472 | D:1      | HP: 1/22 [rat (2)]
   522 | D:1      | Reached skill level 3 in Spellcasting
   522 | D:1      | Reached XP level 3. HP: 3/27 MP: 0/0
   522 | D:1      | Learned a level 1 spell: Foxfire
  1347 | D:2      | Reached XP level 4. HP: 25/32 MP: 0/0
  1698 | D:2      | Noticed Natasha
  1702 | D:2      | Killed Natasha
  1836 | D:2      | Reached skill level 1 in Shields
  1838 | D:2      | Noticed Robin
  1910 | D:2      | Killed Robin
  1911 | D:2      | Reached XP level 5. HP: 7/38 MP: 0/0
  1911 | D:2      | Learned a level 2 spell: Passwall
  2158 | D:2      | Noticed Natasha
  2172 | D:2      | Killed Natasha
  2963 | D:2      | Noticed Terence
  2974 | D:2      | Killed Terence
  2975 | D:2      | Reached skill level 4 in Spellcasting
  2975 | D:2      | Reached XP level 6. HP: 37/45 MP: 0/0
  3132 | D:2      | Noticed Natasha
  3135 | D:2      | Killed Natasha
  3940 | D:3      | Found a blossoming altar of Fedhas.
  3979 | D:3      | Found an ornate altar of the Wu Jian Council.
  3992 | D:3      | Found a sacrificial altar of Ru.
  4010 | D:3      | Found a runed translucent gate.
  4010 | D:3      | Found a runed translucent gate.
  4011 | D:3      | Found a runed translucent gate.
  4014 | D:3      | Noticed st0uf's ghost (amateur GrEE)
  4020 | D:3      | Found the +4 dagger "Morg" {pain, Will+ Int+5}
  5367 | D:4      | Found a shadowy altar of Dithmenos.
  5460 | D:4      | Reached XP level 7. HP: 44/50 MP: 0/0
  5460 | D:4      | Learned a level 3 spell: Spider Form
  5618 | D:4      | Found Acvangow's Mass Market.
  5698 | D:5      | Entered Level 5 of the Dungeon
  5878 | D:5      | Reached skill level 5 in Spellcasting
  5886 | D:5      | Reached XP level 8. HP: 41/58 MP: 0/0
  6377 | D:5      | Found a staircase to the Ecumenical Temple.
  6477 | Temple   | Entered the Ecumenical Temple
  6583 | Temple   | Became a worshipper of Yredelemnul the Dark
  7033 | D:5      | Reached skill level 6 in Spellcasting
  7205 | D:5      | Reached skill level 5 in Fighting
  7436 | D:5      | Reached XP level 9. HP: 62/65 MP: 0/0
  7436 | D:5      | Learned a level 4 spell: Animate Dead
  7973 | D:6      | Reached * piety under Yredelemnul
  8228 | D:6      | Reached skill level 7 in Spellcasting
  8404 | D:6      | You are sucked into a shaft and drop 1 floor!
  8446 | D:7      | Noticed a cyclops
  8451 | D:7      | Killed a cyclops
  8893 | D:7      | Reached skill level 8 in Spellcasting
  9077 | D:7      | Reached XP level 10. HP: 59/75 MP: 0/0
 10188 | D:8      | Found a white marble altar of Elyvilon.
 11871 | D:9      | Found a bloodstained altar of Trog.
 12006 | D:9      | Found a flagged portal.
 12009 | D:9      | Reached ** piety under Yredelemnul
 12017 | D:9      | Reached skill level 9 in Spellcasting
 12192 | Bailey   | Entered a bailey
 12243 | Bailey   | Reached skill level 5 in Dodging
 12566 | Bailey   | Reached *** piety under Yredelemnul
 12573 | Bailey   | Noticed an orc warlord
 12578 | Bailey   | Reached XP level 11. HP: 63/81 MP: 0/0
 12578 | Bailey   | Learned a level 4 spell: Hailstorm
 12627 | Bailey   | Mangled by an orc warlord

Illustrated notes

Levels and vault maps discovered:
D:1:      ncdulo_halloftheorcs, layout_rooms
D:2:      layout_basic, basic_altar, st_stairs_4, skrybe_limestone_x,
          uniq_robin, uniq_natasha, uniq_terence
D:3:      layout_basic, grunt_temple_overflow_open, fedhas_ov_isle_minmay,
          gammafunk_ghost_split
D:4:      layout_basic, nicolae_dithmenos_the_darkroom, minmay_shop_mass,
          minmay_rat_hole
D:5:      layout_layer_cave, minmay_temple_entry_stoned_glass,
          hangedman_abyss_or_decor_passed
D:6:      layout_gridville, serial_glass, glass_columns_a, glass_columns_b,
          glass_columns_a, feat_on_display, minmay_misc_feat_room
D:7:      layout_basic, amcnicky_mini_pool_medium
D:8:      layout_basic, nicolae_overflow_crystal_walls, marbit_many_paths,
          chequers_serial_rivers_room_a, minmay_misc_feat_five, minmay_between
D:9:      layout_rooms, kennysheep_mini_moat, tso_oasis_becter, enter_bailey_4,
          hangedman_ranch
Temple:   minmay_temple_bridge_abc
Bailey:   bailey_axe_minmay_hex_keep, bailey

Skill      XL: |  1  2  3  4  5  6  7  8  9 10 |
---------------+-------------------------------+-----
Fighting       | 1 2 3 5 7 8 |  8.2
Spellcasting   | 3 4 5 6 8 9 |  9.3
Shields        | 1 2 3 4 |  4.0
Dodging        | 5 |  5.9
Stealth        | |  1.5

Action                   |  1- 3 |  4- 6 |  7- 9 | 10-12 || total
-------------------------+-------+-------+-------+-------++-------
Melee: Dagger            |       |    34 |    12 |    43 ||    89
       Unarmed           |       |     2 |       |    28 ||    30
       Falchion          |       |       |       |     4 ||     4
 Cast: Sting             |    16 |       |       |       ||    16
       Poisonous Vapours |    20 |    88 |    16 |     7 ||   131
       Passwall          |       |     4 |       |       ||     4
       Foxfire           |       |    13 |    84 |    43 ||   140
       Olgreb's Toxic Ra |       |     1 |    14 |    25 ||    40
       Ignite Poison     |       |       |    19 |    21 ||    40
       Spider Form       |       |       |       |     1 ||     1
  Use: Scroll            |     1 |     7 |     4 |     6 ||    18
 Stab: Sleeping          |       |     1 |       |       ||     1
Armor: Robe              |    22 |    19 |       |       ||    41
       Leather armour    |       |     2 |    32 |    19 ||    53
       Skin              |       |       |       |     3 ||     3
Dodge: Dodged            |    47 |    44 |    52 |   103 ||   246
Block: Buckler           |       |    16 |    20 |    14 ||    50

Table legend: (Time is in decaauts)
 A = Elapsed time spent in this place.
 B = Non-inter-level travel time spent in this place.
 C = Inter-level travel time spent in this place.
 D = Time resting spent in this place.
 E = Time spent auto-exploring this place.
 F = Levels seen in this place.
 G = Mean time per level.
                   A        B        C        D        E       F      G
               +--------+--------+--------+--------+--------+-----+--------+
         Total |  12629 |  12272 |    357 |    589 |   9750 |  11 | 1148.1 |
       Dungeon |  12066 |  11728 |    338 |    385 |   9578 |   9 | 1340.7 |
        Temple |    126 |    107 |     19 |      0 |     74 |   1 |  126.0 |
        Bailey |    435 |    435 |      0 |    204 |     98 |   1 |  435.0 |
               +--------+--------+--------+--------+--------+-----+--------+

Top non-repeatable levels by time:
     D:2: 2046 daAuts
     D:5: 1877 daAuts
     D:8: 1729 daAuts
     D:3: 1341 daAuts
     D:1: 1315 daAuts
     D:6: 1296 daAuts
     D:7: 1084 daAuts
     D:4: 995 daAuts
  Bailey: 435 daAuts
     D:9: 380 daAuts
  Temple: 126 daAuts
